AoeStats
← tarepo

Arena

509912225Analyzed
1v1 RM · 2d ago on Sep 28, 2026· 21m 37s· 2 players
Game mode
Random Map
Map size
Tiny (2 player)
Population
200
Speed
Normal
Resources
Standard
Victory
Conquest
Starting age
Dark Age
Ending age
Imperial Age
RankedLock teamsTeams togetherTeam positionsShared explorationLock speedFull tech treeHidden civsTurbo modeCheats
Victory
Defeat
🇨🇭 Spanish · Switzerland
429
+16
🇷🇺 Burgundians · Russia
431
-16
tarepo
12:18 Feudal Age
17:17 Castle Age
15:22 Double-Bit Axe
16:19 Forging
16:19 Horse Collar
17:43 Wheelbarrow
17:27 Gold Mining
20:48 Iron Casting
20:14 Scale Mail Armor
21:48 Squires
Biron1238
3:56 Double-Bit Axe
4:57 Loom
9:27 Horse Collar
12:34 Wheelbarrow
14:09 Gold Mining
14:09 Stone Mining
15:53 Feudal Age
18:33 Hand Cart
18:32 Bow Saw
18:24 Heavy Plow
21:34 Castle Age
20:22 Gold Shaft Mining
20:36 Stone Shaft Mining
Connection lost

Rejoining the realm…

Still unreachable

The connection could not be restored.

Session expired

The server has moved on; the page needs a fresh start.